 Dungeon Crawl Stone Soup version 0.28.0 (webtiles) character file.

Game seed: 3981840385353752130

55 themarg the Poker (level 3, -1/33 HPs)
             Began as a Minotaur Monk on Feb 8, 2022.
             Succumbed to an adder's poison
             ... on level 2 of the Dungeon.
             The game lasted 00:06:48 (1543 turns).

themarg the Poker (Minotaur Monk)                   Turns: 1543, Time: 00:06:48

Health: -1/33      AC:  2    Str: 15    XL:     3   Next: 67%
Magic:  2/2        EV: 13    Int:  7    God:
Gold:   55         SH:  0    Dex: 14    Spells: 2/2 levels left

rFire   . . .      SeeInvis .   a - +0 spear
rCold   . . .      Faith    +   (no shield)
rNeg    . . .      Spirit   .   b - +0 robe
rPois   .          Reflect  .   (helmet restricted)
rElec   .          Harm     .   (no cloak)
rCorr   .          Rampage  .   (no gloves)
Will    .....                   (no boots)
Stlth   ++........              o - amulet of faith
HPRegen 0.11/turn               (no ring)
MPRegen 0.08/turn               (no ring)

@: lethally poisoned (-1 -> -7)
A: horns 2, retaliatory headbutt
a: no special abilities


You were on level 2 of the Dungeon.
You visited 1 branch of the dungeon, and saw 2 of its levels.

You collected 55 gold pieces.

Inventory:

Hand Weapons
 a - a +0 spear (weapon)
Missiles
 f - 41 stones (quivered)
Armour
 b - a +0 robe (worn)
Magical Staves
 m - a staff of conjuration
Jewellery
 o - an amulet of faith (around neck)
Scrolls
 c - a scroll of magic mapping {unknown}
 h - a scroll of blinking {unknown}
 k - a scroll of identify {unknown}
 l - a scroll of fog {unknown}
Potions
 d - a potion of invisibility {unknown}
 e - a potion of magic {unknown}
 g - a potion of ambrosia {unknown}
 i - a potion of attraction {unknown}
 j - a potion of cancellation
 n - a potion of haste {unknown}


   Skills:
 + Level 4.0 Fighting
 + Level 4.6 Polearms
 + Level 0.4 Throwing
 + Level 3.9 Dodging
 + Level 1.8 Stealth


You had 2 spell levels left.
You didn't know any spells.
Your spell library contained the following spells:

 Spells                   Type           Power      Damage    Failure   Level
 Sandblast                Erth           0%         2d4       43%         1
 Passwall                 Tmut/Erth      0%         N/A       56%         2
 Stone Arrow              Conj/Erth      0%         3d7       80%         3


Dungeon Overview and Level Annotations

Branches:
Dungeon (2/15)

Altars:


Innate Abilities, Weirdness & Mutations

You have a pair of horns on your head.
You reflexively headbutt those who attack you in melee.


Message History

The adder bites you. The endoplasm closely misses you.
You barely miss the adder. Your headbutt misses the adder.
Your punch misses the adder.
The adder is lightly wounded.
The adder misses you. The endoplasm freezes you.
You are frozen.
You closely miss the adder.
The adder is lightly wounded.
The adder barely misses you. You furiously retaliate!
You headbutt the adder! The endoplasm closely misses you.
The adder bites you but does no damage.
You hit the adder but do no damage.
The adder is almost dead.
The adder bites you.
You are poisoned.
The adder poisons you! The endoplasm hits you.
You closely miss the adder. Your headbutt misses the adder.
The adder is almost dead.
You feel sick. The adder barely misses you. The endoplasm freezes you.
You are frozen.
* * * LOW HITPOINT WARNING * * *
You aren't carrying any items that you can evoke.
It was a potion of cancellation.
You feel magically purged.
You feel sick. The adder misses you. The adder barely misses you.
The endoplasm freezes you.
You are frozen.
* * * LOW HITPOINT WARNING * * *
You feel sick.
You miss the adder.
The adder is almost dead.
You feel sick.
You are no longer poisoned.
The adder bites you.
* * * LOW HITPOINT WARNING * * *
You are lethally poisoned!
The adder poisons you!
You hit the adder but do no damage.
The adder is almost dead.
You die...

#..#....#.#.# ......≈ ########
#..#....#.#.## 8..8♣ # #......#
#..#.....<#.##≈♣♣..♣♣≈# #......#
#..#....#.#.##≈≈≈..≈≈≈# #......#
#.......#....####''#####.#......#
#.##...###....##...#.#.#.#......#
#........+....#>.........+......'
####...###......SJ.....###......#
#...# #......@...............#
##### #..................#####
#...^..............#
#...##+####.#......# #####
#.#......# #.#......#####
+............. #.............
########...###


You could see an adder and an endoplasm.

Vanquished Creatures
  2 adders (D:2)
  A dart slug (D:1)
  4 endoplasms
  3 giant cockroaches
  4 hobgoblins (D:1)
  4 jackals (D:2)
  A quokka (D:1)
  4 ball pythons (D:1)
  3 frilled lizards (D:1)
  5 goblins
  A kobold (D:1)
  2 rats (D:1)
34 creatures vanquished.

Notes
Turn   | Place    | Note
-------+----------+-------------------------------------------
     0 | D:1      | themarg the Minotaur Monk began the quest for the Orb.
     0 | D:1      | Reached XP level 1. HP: 19/19 MP: 0/0
   342 | D:1      | Reached XP level 2. HP: 26/27 MP: 1/1
   514 | D:1      | Found a faded altar of an unknown god.
  1167 | D:2      | Reached XP level 3. HP: 33/33 MP: 2/2
  1542 | D:2      | HP: 1/33 [adder (3)]
  1543 | D:2      | Succumbed to an adder's poison

Illustrated notes

Levels and vault maps discovered:
D:1:      doesnt_arrival_eight_statues, layout_basic,
          hellmonk_ecumenical_altar_zigzags, minmay_unequal
D:2:      layout_basic, basic_altar, kennysheep_nub, kennysheep_generic_room_5

Skill      XL: |  1  2 |
---------------+-------+-----
Polearms       | 4 |  4.6
Fighting       | 4 |  4.0
Throwing       | |  0.4
Dodging        | |  3.9
Stealth        | |  1.8

Action                   || total
-------------------------++-------
Melee: Spear             ||    84
       Headbutt          ||    11
Throw: Stone             ||     8
  Use: Potion            ||     1
 Stab: Distracted        ||     1
       Sleeping          ||     2
Armor: Robe              ||    17
Dodge: Dodged            ||    41
